 Dungeon Crawl Stone Soup version 0.20.1-1-g8b1a95d (webtiles) character file.

32862 Inarius the Black Sun (level 13, -5/99 HPs)
             Began as a Demonspawn Necromancer on July 19, 2017.
             Was a High Priest of Kikubaaqudgha.
             Slain by a spiny frog (16 damage)
             ... on level 5 of the Lair of Beasts.
             The game lasted 01:19:04 (19978 turns).

Inarius the Black Sun (Demonspawn Necromancer)     Turns: 19978, Time: 01:19:04

Health: -5/99      AC: 20    Str:  8    XL:     13   Next: 33%
Magic:  19/25      EV: 10    Int: 21    God:    Kikubaaqudgha [*****.]
Gold:   1298       SH:  0    Dex: 15    Spells: 0/28 levels left

rFire    . . .     SeeInvis .   Y - +3 lajatang (pain)
rCold    + . .     Gourm    .   (shield currently unavailable)
rNeg     . . .     Faith    +   E - +0 scale mail
rPois    .         Spirit   .   I - +0 helmet
rElec    .         Reflect  .   R - +2 cloak
rCorr    .         Harm     .   W - +0 pair of gloves
MR       +....                  J - +2 pair of boots
Stlth    +++++++...             s - amulet of faith
Regen    0.3/turn               U - ring of stealth
MPRegen  0.2/turn               B - ring of stealth

@: lethally poisoned (-5 -> -10), about to teleport
A: hooves 2, molten scales 2, camouflage 1, cold resistance 1, magic resistance
1, nightstalker 3, spiny 2
a: Receive Corpses, Torment, Renounce Religion


You were on level 5 of the Lair of Beasts.
You worshipped Kikubaaqudgha.
Kikubaaqudgha was extremely pleased with you.
You were not hungry.

You visited 3 branches of the dungeon, and saw 18 of its levels.
You also visited: Ossuary and Bailey.

You collected 1998 gold pieces.
You spent 700 gold pieces at shops.

Inventory:

Hand Weapons
 y - the +6 dagger "Veocetoc" {pierce, *Slow +Fly Dex+4 Stlth+}
   (You found it on level 7 of the Dungeon)

   It inflicts extra damage upon your enemies.
   It affects your dexterity (+4).
   It lets you fly.
   It may slow you when you take damage.
   It makes you more stealthy.
 Y - a +3 lajatang of pain (weapon)
 Z - the +6 war axe of Magnificence {flame, Str+5, unknown}
   (You found it on level 5 of the Lair of Beasts)

   It has been specially enchanted to burn those struck by it, causing extra
   injury to most foes and up to half again as much damage against particularly
   susceptible opponents.
   Big, fiery blades are also staple armaments of hydra-hunters.
   It affects your strength (+5).
Armour
 a - a scarf of resistance
 i - a +0 buckler
 r - a +2 chain mail of fire resistance
 E - a +0 scale mail (worn)
 I - a +0 helmet (worn)
 J - a +2 pair of boots (worn)
 K - a +0 ring mail
 R - a +2 cloak (worn)
 W - a +0 pair of gloves (worn)
Jewellery
 j - an uncursed ring of see invisible
 s - an amulet of faith (around neck)
 u - an uncursed ring of positive energy
 z - an uncursed ring of fire
 B - a ring of stealth (right hand)
 L - the amulet of Jibiawk {Inacc MP+9, unknown}
   (You found it on level 5 of the Lair of Beasts)

   [amulet of inaccuracy]

   It reduces the accuracy of all your attacks.
   It affects your magic capacity (+9).
 T - an uncursed ring of positive energy
 U - a ring of stealth (left hand)
Wands
 V - a wand of iceblast (8/15)
Scrolls
 f - 4 scrolls of fog
 l - 11 scrolls of remove curse
 m - a scroll of magic mapping
 q - 5 scrolls of immolation
 v - 2 scrolls of teleportation
 x - 12 scrolls of amnesia
 A - 4 scrolls of blinking
 D - 2 scrolls of fear
 N - 2 scrolls of recharging
Potions
 d - 3 potions of haste
 e - 7 potions of flight
 g - 2 potions of invisibility
 k - a potion of magic
 n - 3 potions of cancellation
 o - 3 potions of mutation
 p - a potion of ambrosia
 t - 3 potions of heal wounds
 C - 8 potions of curing
 M - a potion of resistance
 O - 2 potions of brilliance
 Q - 3 potions of might
Books
 h - Kikubaaqudgha's Tome of Evil
   (Kikubaaqudgha gifted it to you on level 8 of the Dungeon)

   Spells                             Type                      Level
   a - Agony                          Necromancy                   5
   b - Cigotuvi's Embrace             Necromancy                   5
   c - Dispel Undead                  Necromancy                   5
   d - Simulacrum                     Ice/Necromancy               6
   e - Death Channel                  Necromancy                   6
 S - Kikubaaqudgha's Volume of Dark Rites
   (Kikubaaqudgha gifted it to you on level 6 of the Dungeon)

   Spells                             Type                      Level
   a - Pain                           Necromancy                   1
   b - Corpse Rot                     Necromancy                   2
   c - Sublimation of Blood           Necromancy                   2
   d - Vampiric Draining              Necromancy                   3
   e - Control Undead                 Necromancy                   4
 X - a book of Death

   Spells                             Type                      Level
   a - Corpse Rot                     Necromancy                   2
   b - Sublimation of Blood           Necromancy                   2
   c - Agony                          Necromancy                   5
   d - Dispel Undead                  Necromancy                   5
   e - Excruciating Wounds            Charms/Necromancy            5
   f - Bolt of Draining               Conjuration/Necromancy       5
Miscellaneous
 b - a lamp of fire
 G - a box of beasts
 H - a lightning rod (4/4)
Comestibles
 c - 9 bread rations
 w - 12 royal jellies
 F - 21 fruits
 P - 4 meat rations


   Skills:
 * Level 8.4 Fighting
 * Level 0.6 Staves
 - Level 7.4 Armour
 - Level 4.4 Dodging
 + Level 4.5 Stealth
 - Level 4.9 Shields
 - Level 0.1 Unarmed Combat
 + Level 8.0 Spellcasting
 + Level 3.5 Charms
 * Level 16.4 Necromancy
 * Level 0.4 Evocations


You couldn't memorise any spells.
You knew the following spells:

 Your Spells              Type           Power        Failure   Level  Hunger
a - Pain                  Necr           ####         1%          1    None
b - Animate Skeleton      Necr           N/A          1%          1    None
c - Vampiric Draining     Necr           ######....   1%          3    None
d - Regeneration          Chrm/Necr      ######....   2%          3    None
e - Animate Dead          Necr           N/A          1%          4    ###....
f - Control Undead        Necr           ######....   1%          4    ###....
g - Agony                 Necr           ######..     1%          5    #####..
h - Sublimation of Blood  Necr           ######....   1%          2    None
i - Bolt of Draining      Conj/Necr      #####.....   45%         5    #####..


Dungeon Overview and Level Annotations

Branches:
Dungeon (11/15)            Temple (1/1) D:5            Lair (6/6) D:10
 Shoals (0/4) Lair:3        Snake (0/4) Lair:2        Slime (0/5) Lair:5
    Orc (0/2) D:10

Altars:
Ashenzari
Cheibriados
Dithmenos
Elyvilon
Fedhas
Gozag
Hepliaklqana
Kikubaaqudgha
Makhleb
Nemelex Xobeh
Okawaru
Qazlal
Ru
Sif Muna
Trog
Uskayaw
Vehumet
Xom
Yredelemnul
Zin
The Shining One
Jiyva

Shops:
D:9 :

Annotations:
D:11 Snorg
Lair:4 Frank's ghost, journeyman GrFi


Innate Abilities, Weirdness & Mutations

You have hoof-like feet.
You are mostly covered in molten scales. (AC +3)
You are completely attuned to the shadows.
You are mostly covered in sharp spines.
Your skin changes colour to match your surroundings (Stealth+).
Your flesh is cold resistant. (rC+)
You are resistant to hostile enchantments. (MR+)


Message History

Aiming: Vampiric Draining
Press: ? - help, Shift-Dir - straight line, f/p - spiny frog
Aim: a spiny frog (moderately wounded)
The spiny frog is heavily wounded.
You feel life coursing into your body.
You feel sick.
The eight-headed hydra is struck by your spines.
The eight-headed hydra bites you but does no damage. x2
The eight-headed hydra bites you!
* * * LOW HITPOINT WARNING * * *
The eight-headed hydra bites you.
* * * LOW HITPOINT WARNING * * *
The eight-headed hydra bites you!
* * * LOW HITPOINT WARNING * * *
The eight-headed hydra barely misses you.
The eight-headed hydra bites you but does no damage.
The eight-headed hydra barely misses you.
The spiny frog is struck by your spines.
The spiny frog stings you!
You die...
Kikubaaqudgha rasps: "You have failed me!
Welcome... death!"

#............#
#####............#
##.#...........####
####.............##
#.##..............#
##.§§.............##
...................###
....§..........F.....#
................@D..##
.....................#
....................##
................#...##
.P.............#.#...##
.#.##........##.#.....#
....#.......######...###
.....P.......# ##...P#
.....P......## #...##


You could see an eight-headed hydra and a spiny frog.

Vanquished Creatures
  3 hydras
  The ghost of spiff the Transmogrifier, a journeyman OpTm of Cheibriados (D:11)
  2 death yaks (Lair:4)
  A two-headed ogre (D:10)
  Nergalle (Lair:4)
  Pikel (D:7)
  An orc knight (Bailey)
  2 black mambas
  8 spiny frogs
  4 komodo dragons
  A hornet (D:10)
  13 blink frogs
  6 hippogriffs
  15 yaks
  2 wraiths (Lair:4)
  A hungry ghost (D:8)
  2 vampire mosquitoes (D:10)
  An acid dragon (D:11)
  3 nagas (Lair:2)
  5 water moccasins
  7 orc warriors
  6 porcupines
  A sky beast (D:8)
  A phantom (D:8)
  An eye of draining (D:11)
  5 black bears
  A necrophage (D:11)
  6 ogres
  5 wolves (Lair:3)
  2 centaurs
  4 crocodiles
  15 bullfrogs
  A water moccasin zombie (D:8)
  5 scorpions
  11 killer bees
  3 electric eels
  5 howler monkeys
  2 wights (D:10)
  3 centaur zombies
  4 crimson imps
  2 quasits
  8 orc wizards
  3 hounds
  2 jellies
  A gnoll shaman (D:6)
  A human zombie (Ossuary)
  2 iguanas
  5 orc priests
  3 bullfrog skeletons
  4 centaur skeletons
  4 worker ants
  Ijyb (D:4)
  A killer bee zombie (D:7)
  A big kobold zombie (Ossuary)
  A hound zombie (D:10)
  3 hound skeletons
  3 mummies (Ossuary)
  A howler monkey zombie (D:9)
  7 gnolls
  11 adders
  3 shadow imps
  An ooze (D:3)
  An adder skeleton (D:2)
  4 worms
  3 dart slugs
  7 leopard geckos
  39 orcs
  2 ball pythons
  6 giant cockroaches
  A gnoll zombie (Ossuary)
  19 goblins
  8 hobgoblins
  10 jackals
  15 kobolds
  4 quokkas
  5 bats
  7 frilled lizards
  3 goblin zombies
  A kobold zombie (Ossuary)
  A leopard gecko skeleton (D:4)
  8 rats
  A rat zombie (D:5)
  A plant (D:10)
375 creatures vanquished.

Vanquished Creatures (collateral kills)
  Josephine (Lair:4)
  A hydra (Lair:5)
  Erica (D:10)
  3 death yaks (Lair:4)
  A two-headed ogre (D:11)
  An orc knight (Bailey)
  4 oklob plants (Lair:5)
  A komodo dragon (Lair:1)
  2 blink frogs
  3 hippogriffs
  A shadow (D:11)
  A yak (D:10)
  A wraith (Lair:4)
  A vampire mosquito (D:10)
  2 water moccasins
  2 porcupines
  A black bear (D:10)
  A wolf (Lair:3)
  2 crocodiles
  2 bullfrogs
  A scorpion (D:10)
  A killer bee (D:8)
  A crimson imp (D:11)
  2 hounds
  2 jellies
  2 worker ants
  A gnoll (D:6)
  2 adders
  An ooze (D:1)
  A dart slug (D:1)
  5 orcs
  2 frilled lizards (D:1)
  A spectral orc (D:4)
  A fungus (D:10)
  2 plants
57 creatures vanquished.

Vanquished Creatures (others)
  A centaur zombie (D:11)
  2 blink frogs
  A wraith (Lair:4)
  2 yaks (Lair:5)
  A basilisk (Lair:3)
  A porcupine (D:10)
  2 slaves (D:7)
  A black bear (D:10)
  A phantom (D:7)
  2 bullfrogs
  A killer bee (D:8)
  A jelly (D:7)
  An orc wizard (D:7)
  2 gnolls (D:7)
  An adder (D:6)
  4 orcs (D:7)
  12 fungi
  7 plants
43 creatures vanquished.

Grand Total: 475 creatures vanquished

Notes
Turn   | Place    | Note
-------+----------+-------------------------------------------
     0 | D:1      | Inarius the Demonspawn Necromancer began the quest for the Orb.
     0 | D:1      | Reached XP level 1. HP: 13/13 MP: 3/3
     2 | D:1      | Learned a level 1 spell: Animate Skeleton
   621 | D:1      | Gained mutation: You are slightly more attuned to the shadows. [demonic ancestry]
   621 | D:1      | Reached XP level 2. HP: 19/19 MP: 5/5
  1361 | D:1      | Reached XP level 3. HP: 23/24 MP: 3/6
  1406 | D:2      | Reached skill level 5 in Necromancy
  1490 | D:2      | Found a sparkling altar of Nemelex Xobeh.
  1490 | D:2      | Found a transporter.
  1510 | D:2      | Found a transporter.
  1842 | D:2      | Reached skill level 1 in Fighting
  1975 | D:2      | Learned a level 3 spell: Vampiric Draining
  1987 | D:2      | Gained mutation: You are partially covered in sharp spines. [demonic ancestry]
  1987 | D:2      | Reached XP level 4. HP: 29/32 MP: 3/7
  2120 | D:2      | Reached skill level 1 in Shields
  2292 | D:3      | Noticed a bullfrog
  2303 | D:3      | Killed a bullfrog
  2303 | D:3      | Gained mutation: You have large cloven feet. [demonic ancestry]
  2303 | D:3      | Reached XP level 5. HP: 34/38 MP: 3/9
  2679 | D:3      | Learned a level 3 spell: Regeneration
  3011 | D:3      | Found a shadowy altar of Dithmenos.
  3013 | D:3      | Found a deep blue altar of Sif Muna.
  3015 | D:3      | Found an iron altar of Okawaru.
  3018 | D:3      | Found a glowing golden altar of the Shining One.
  3519 | D:4      | Reached skill level 6 in Necromancy
  3519 | D:4      | Reached XP level 6. HP: 44/44 MP: 11/11
  3589 | D:4      | Reached skill level 1 in Armour
  3681 | D:4      | Learned a level 4 spell: Animate Dead
  3737 | D:4      | Noticed Ijyb
  3745 | D:4      | Killed Ijyb
  3835 | D:4      | Found a basalt altar of Yredelemnul.
  3905 | D:4      | Found an iron altar of Okawaru.
  3918 | D:4      | Got a smoking falchion
  3919 | D:4      | Identified the +5 falchion "Qopentih" {slice, rF+ rN++ Int-3 SInv} (You found it on level 4 of the Dungeon)
  3984 | D:4      | Found a shattered altar of Ashenzari.
  4047 | D:4      | Gained mutation: You are partially covered in molten scales. (AC +2) [demonic ancestry]
  4047 | D:4      | Reached XP level 7. HP: 51/51 MP: 11/13
  4474 | D:5      | Entered Level 5 of the Dungeon
  4530 | D:5      | Found a sand-covered staircase.
  4544 | Ossuary  | Entered an ossuary
  4761 | Ossuary  | Reached skill level 7 in Necromancy
  4859 | D:5      | Got a crystal mace
  4878 | D:5      | Found a staircase to the Ecumenical Temple.
  4891 | Temple   | Entered the Ecumenical Temple
  5116 | Temple   | Became a worshipper of Kikubaaqudgha
  5163 | D:5      | Identified the cursed +0 mace "Iboadicw" {distort, Str+7} (You found it on level 5 of the Dungeon)
  5954 | D:6      | Reached skill level 1 in Charms
  6056 | D:6      | Gained mutation: You have hoof-like feet. [demonic ancestry]
  6056 | D:6      | Reached XP level 8. HP: 47/58 MP: 14/14
  6241 | D:6      | Reached * piety under Kikubaaqudgha
  6241 | D:6      | Identified Kikubaaqudgha's Volume of Dark Rites (Kikubaaqudgha gifted it to you on level 6 of the Dungeon)
  6241 | D:6      | Received a gift from Kikubaaqudgha
  6250 | D:6      | Learned a level 4 spell: Control Undead
  6786 | D:7      | Reached skill level 5 in Spellcasting
  6786 | D:7      | Reached skill level 8 in Necromancy
  7311 | D:7      | Noticed Pikel
  7323 | D:7      | Got an encrusted dagger
  7343 | D:7      | Killed Pikel
  7343 | D:7      | Reached skill level 9 in Necromancy
  7343 | D:7      | Reached XP level 9. HP: 48/64 MP: 10/18
  7375 | D:7      | Reached ** piety under Kikubaaqudgha
  8055 | D:8      | Reached skill level 10 in Necromancy
  8232 | D:8      | Gained mutation: You are significantly more attuned to the shadows. [demonic ancestry]
  8232 | D:8      | Reached XP level 10. HP: 68/72 MP: 18/20
  8279 | D:8      | Gained mutation: You are agile. (Dex +2) [mutagenic meat]
  8280 | D:8      | Gained mutation: You have a pair of small antennae on your head. [mutagenic meat]
  8281 | D:8      | Gained mutation: Scrolls take you a little longer to read. [mutagenic meat]
  8282 | D:8      | Gained mutation: Scrolls take you longer to read. [mutagenic meat]
  8283 | D:8      | Gained mutation: You tend to lose your temper in combat. [mutagenic meat]
  8284 | D:8      | Gained mutation: You have hooves in place of feet. [mutagenic meat]
  8285 | D:8      | Lost mutation: You have hooves in place of feet. [potion of mutation]
  8285 | D:8      | Lost mutation: You have a pair of small antennae on your head. [potion of mutation]
  8285 | D:8      | Lost mutation: Scrolls take you longer to read. [potion of mutation]
  8285 | D:8      | Gained mutation: Armour fits poorly on your strangely shaped body. [potion of mutation]
  8285 | D:8      | Gained mutation: You are weak. (Str -2) [potion of mutation]
  8285 | D:8      | Gained mutation: Your flesh is cold resistant. (rC+) [potion of mutation]
  8286 | D:8      | Lost mutation: You are weak. (Str -2) [potion of mutation]
  8286 | D:8      | Lost mutation: Scrolls take you a little longer to read. [potion of mutation]
  8286 | D:8      | Lost mutation: You tend to lose your temper in combat. [potion of mutation]
  8286 | D:8      | Lost mutation: You are agile. (Dex +2) [potion of mutation]
  8286 | D:8      | Lost mutation: Armour fits poorly on your strangely shaped body. [potion of mutation]
  8286 | D:8      | Gained mutation: Your skin changes colour to match your surroundings (Stealth+). [potion of mutation]
  8286 | D:8      | Gained mutation: You are resistant to hostile enchantments. (MR+) [potion of mutation]
  8547 | D:8      | Got a twisted robe
  8558 | D:8      | Identified the cursed +0 robe "Captir" {MR+ Int+4 Dex-4} (You found it on level 8 of the Dungeon)
  8872 | D:8      | Reached *** piety under Kikubaaqudgha
  8872 | D:8      | Identified Kikubaaqudgha's Tome of Evil (Kikubaaqudgha gifted it to you on level 8 of the Dungeon)
  8872 | D:8      | Received a gift from Kikubaaqudgha
  8883 | D:8      | Learned a level 5 spell: Agony
  8890 | D:8      | Learned a level 2 spell: Sublimation of Blood
  9391 | D:9      | Found a flagged portal.
  9407 | Bailey   | Entered a bailey
  9427 | Bailey   | Noticed an orc knight
  9435 | Bailey   | Noticed an orc knight
  9645 | Bailey   | Reached skill level 11 in Necromancy
  9708 | Bailey   | Killed an orc knight
  9810 | Bailey   | Killed an orc knight
  9850 | Bailey   | Got a brightly glowing flail {crush}
  9889 | Bailey   | Reached **** piety under Kikubaaqudgha
 10136 | D:9      | Found Yteatsie's Book Emporium.
 10142 | D:9      | Bought a book of Death for 700 gold pieces
 10147 | D:9      | Found an opulent altar of Gozag.
 10478 | D:9      | Reached skill level 5 in Fighting
 10813 | D:10     | Entered Level 10 of the Dungeon
 10900 | D:10     | Reached skill level 5 in Armour
 10905 | D:10     | Noticed Erica
 10984 | D:10     | Reached skill level 12 in Necromancy
 11080 | D:10     | Identified the +6 dagger "Veocetoc" {pierce, *Slow +Fly Dex+4 Stlth+} (You found it on level 7 of the Dungeon)
 11139 | D:10     | Identified the +4 flail "Viropn" {crush, +Rage MR- Int+6} (You took it off an orc knight in a bailey)
 11161 | D:10     | Gained mutation: You are completely attuned to the shadows. [demonic ancestry]
 11161 | D:10     | Reached XP level 11. HP: 79/80 MP: 23/23
 11191 | D:10     | Found a staircase to the Lair.
 11239 | D:10     | Killed Erica
 11254 | D:10     | Found a staircase to the Orcish Mines.
 11597 | D:10     | Found a stormy altar of Qazlal.
 11631 | D:10     | Noticed a two-headed ogre
 11639 | D:10     | Killed a two-headed ogre
 12408 | D:11     | Found a shadowy altar of Dithmenos.
 12415 | D:11     | Reached skill level 13 in Necromancy
 12497 | D:11     | Noticed a two-headed ogre
 12512 | D:11     | Killed a two-headed ogre
 12512 | D:11     | Reached ***** piety under Kikubaaqudgha
 13033 | D:11     | Noticed spiff's ghost (journeyman OpTm)
 13101 | D:11     | Killed spiff's ghost
 13153 | D:11     | Noticed Snorg
 13532 | Lair:1   | Entered Level 1 of the Lair of Beasts
 14574 | Lair:2   | Found a staircase to the Snake Pit.
 14604 | Lair:1   | Reached skill level 14 in Necromancy
 14604 | Lair:1   | Gained mutation: You are mostly covered in sharp spines. [demonic ancestry]
 14604 | Lair:1   | Reached XP level 12. HP: 24/89 MP: 14/24
 14951 | Lair:2   | HP: 3/91 [naga/halberd (15)]
 15328 | Lair:2   | Found a deep blue altar of Sif Muna.
 15442 | Lair:2   | Noticed a seven-headed hydra
 15448 | Lair:2   | Killed a seven-headed hydra
 16379 | Lair:3   | Found a staircase to the Shoals.
 16774 | Lair:4   | Noticed a four-headed hydra
 16779 | Lair:4   | Killed a four-headed hydra
 16779 | Lair:4   | Reached skill level 15 in Necromancy
 16814 | Lair:4   | Noticed Nergalle
 16824 | Lair:4   | Killed Nergalle
 16990 | Lair:4   | Noticed Josephine
 17001 | Lair:4   | Killed Josephine
 17007 | Lair:4   | Noticed Frank's ghost (journeyman GrFi)
 17537 | Lair:5   | Noticed a death yak
 17540 | Lair:5   | Noticed a death yak
 17552 | Lair:5   | Noticed a death yak
 17561 | Lair:4   | Killed a death yak
 17671 | Lair:5   | Noticed a death yak
 17671 | Lair:5   | Noticed a death yak
 17888 | Lair:4   | Killed a death yak
 17931 | Lair:4   | Killed a death yak
 18082 | Lair:4   | Killed a death yak
 18082 | Lair:4   | Gained mutation: You are mostly covered in molten scales. (AC +3) [demonic ancestry]
 18082 | Lair:4   | Reached XP level 13. HP: 38/98 MP: 15/25
 18289 | Lair:5   | Got a slimy war axe
 18541 | Lair:5   | Found a staircase to the Slime Pits.
 18609 | Lair:5   | Found a viscous altar of Jiyva.
 18810 | Lair:5   | Reached skill level 16 in Necromancy
 19633 | Lair:5   | Got a clouded iron amulet
 19858 | Lair:5   | Learned a level 5 spell: Bolt of Draining
 19916 | Lair:6   | Entered Level 6 of the Lair of Beasts
 19978 | Lair:5   | Slain by a spiny frog

Skill      XL: |  1  2  3  4  5  6  7  8  9 10 11 12 13 |
---------------+----------------------------------------+-----
Necromancy     | 5 6 7 9 10 12 14 15 16 | 16.4
Fighting       | 1 2 3 4 5 6 8 |  8.4
Shields        | 1 2 3 4 |  4.9
Spellcasting   | 3 4 6 7 8 |  8.0
Armour         | 1 2 3 4 5 6 7 |  7.4
Dodging        | 2 3 4 |  4.4
Charms         | 1 2 3 |  3.5
Stealth        | 2 4 |  4.5
Staves         | |  0.6
Unarmed Combat | |  0.1
Evocations     | |  0.4

Action                   |  1- 3 |  4- 6 |  7- 9 | 10-12 | 13-15 || total
-------------------------+-------+-------+-------+-------+-------++-------
Melee: Unarmed           |    14 |       |       |       |       ||    14
       Whip              |    24 |    25 |     8 |       |       ||    57
       Trident           |       |    35 |       |       |       ||    35
       Kick              |       |     6 |     2 |       |       ||     8
       Falchion          |       |       |    50 |       |       ||    50
       Mace              |       |       |   196 |   556 |    68 ||   820
       Lajatang          |       |       |       |       |    10 ||    10
 Cast: Pain              |    60 |    60 |    45 |    79 |     2 ||   246
       Animate Skeleton  |    15 |    15 |    21 |    47 |     8 ||   106
       Animate Dead      |       |     2 |     4 |    26 |     6 ||    38
       Vampiric Draining |       |     1 |    12 |    69 |    11 ||    93
       Regeneration      |       |     1 |     7 |    38 |    11 ||    57
       Agony             |       |       |       |    26 |     8 ||    34
       Sublimation of Bl |       |       |       |     6 |       ||     6
       Control Undead    |       |       |       |     5 |       ||     5
Invok: Receive Corpses   |       |       |       |       |     4 ||     4
  Use: Scroll            |       |       |    26 |     9 |     3 ||    38
       Potion            |       |       |       |    14 |     1 ||    15
 Stab: Distracted        |     1 |       |       |     2 |     1 ||     4
       Sleeping          |       |     4 |     7 |    35 |     4 ||    50
  Eat: Chunk             |     4 |     7 |    11 |    22 |     6 ||    50
       Bread ration      |       |       |     1 |     7 |     1 ||     9
Armor: Robe              |     4 |       |       |       |       ||     4
       Leather armour    |    11 |    10 |       |       |       ||    21
       Ring mail         |       |       |    28 |       |       ||    28
       Scale mail        |       |       |   110 |   276 |    63 ||   449
Dodge: Dodged            |    29 |    26 |   131 |   377 |    70 ||   633
Block: Buckler           |     3 |     9 |    51 |   157 |    26 ||   246
       Rpst.: Falchion   |       |       |     2 |       |       ||     2
